[Event "ISR-ch Open 2018"]
[Site "Ma'alot-Tarshih"]
[Date "2018.12.13"]
[Round "2"]
[White "Kupervaser, Erez"]
[Black "Gruenfeld, Yehuda"]
[Result "1/2-1/2"]
[ECO "B43"]
[WhiteElo "2168"]
[BlackElo "2421"]
[Annotator "RC"]
[PlyCount "47"]
[EventDate "2018.12.12"]
[EventType "swiss"]
[EventCountry "ISR"]
[SourceTitle "playchess.com"]
[Source "ChessBase"]
[SourceQuality "1"]
[TimeControl "40/5400+30:1800+30"]

1. e4 c5 2. Nf3 e6 3. d4 cxd4 4. Nxd4 a6 5. Nc3 b5 6. g3 Bb7 7. Bg2 Nf6 8. O-O d6 9. Re1 Qc7 10. a4 bxa4 11. Nd5 Nxd5 12. exd5 e5 13. f4 g6 14. Ra3 Bg7 15. fxe5 dxe5 16. d6 Qd7 17. Bxb7 Qxb7 18. Nf3 Nd7 19. Rc3 Rc8 20. Qd5 Qb6+ 21. Be3 Qd8 22. Bg5 Qb6+ 23. Be3 Qd8 24. Bg5 1/2-1/2

[Event "ISR-ch Open 2018"]
[Site "Ma'alot-Tarshih"]
[Date "2018.12.14"]
[Round "3"]
[White "Gleizer, Mark"]
[Black "Aharon, Ofir"]
[Result "1/2-1/2"]
[ECO "B06"]
[WhiteElo "2186"]
[BlackElo "2320"]
[Annotator "ChessBase"]
[PlyCount "130"]
[EventDate "2018.12.11"]
[EventType "swiss"]
[EventCountry "ISR"]
[SourceTitle "playchess.com"]
[Source "ChessBase"]
[SourceQuality "1"]
[TimeControl "40/5400+30:1800+30"]

1. d4 Nf6 2. c3 g6 3. Bg5 Bg7 4. Nd2 O-O 5. e4 d6 6. Bd3 c5 7. d5 h6 8. Bh4 e6 9. dxe6 Bxe6 10. f4 Qb6 11. b3 c4 12. bxc4 Ng4 13. f5 Qe3+ 14. Qe2 Bxc3 15. Rd1 gxf5 16. exf5 Bd7 17. Bf2 Qxf2+ 18. Qxf2 Nxf2 19. Kxf2 Ba4 20. Nb3 Bd4+ 21. Kf1 Nc6 22. Nf3 Bf6 23. Be4 Rad8 24. Kf2 Rfe8 25. Rhe1 Nb4 26. Bb1 d5 27. Rxe8+ Bxe8 28. c5 Ba4 29. g4 Na6 30. Rc1 Bb2 31. Rg1 Ba3 32. g5 h5 33. Re1 Nxc5 34. Nbd4 Re8 35. Rxe8+ Bxe8 36. f6 Bb2 37. Nf5 Ne4+ 38. Bxe4 dxe4 39. Nd2 Bc6 40. Ne7+ Kh7 41. Nxc6 bxc6 42. Nxe4 h4 43. Kf3 Kg6 44. Kg4 h3 45. Nf2 Be5 46. Nxh3 Bxh2 47. Nf2 c5 48. Ne4 c4 49. Kf3 Kf5 50. Ke3 Be5 51. a4 c3 52. g6 Kxg6 53. Kd3 Bxf6 54. Nd6 Be5 55. Nb5 a5 56. Na3 Bd6 57. Nc2 Be5 58. Na3 Kf5 59. Nc4 Ke6 60. Nxa5 Kd5 61. Nc4 Bd4 62. Na3 Bg7 63. Nb5 f5 64. Nxc3+ Bxc3 65. Kxc3 Ke5 1/2-1/2

[Event "ISR-ch Open 2018"]
[Site "Ma'alot-Tarshih"]
[Date "2018.12.14"]
[Round "3"]
[White "Kupervaser, Erez"]
[Black "Drori, Saar"]
[Result "1/2-1/2"]
[ECO "B51"]
[WhiteElo "2168"]
[BlackElo "2419"]
[Annotator "RC"]
[PlyCount "57"]
[EventDate "2018.12.11"]
[EventType "swiss"]
[EventCountry "ISR"]
[SourceTitle "playchess.com"]
[Source "ChessBase"]
[SourceQuality "1"]
[TimeControl "40/5400+30:1800+30"]

1. e4 c5 2. Nf3 d6 3. Bb5+ Nd7 4. d4 cxd4 5. Qxd4 a6 6. Bxd7+ Bxd7 7. c4 e5 8. Qd3 h6 9. Nc3 Nf6 10. O-O Be7 11. a4 O-O 12. Rd1 Be6 13. Be3 Rc8 14. b3 Qa5 15. Nd2 Rfd8 16. Nf1 Nh5 17. g3 Rf8 18. f3 Kh8 19. Nd5 Bxd5 20. Qxd5 Qc7 21. Qd3 Qd7 22. c5 Rc6 23. b4 Rd8 24. b5 axb5 25. axb5 Rcc8 26. Ra7 Qe6 27. c6 bxc6 28. bxc6 Nf6 29. Qb5 1/2-1/2

[Event "ISR-ch Open 2018"]
[Site "Ma'alot-Tarshih"]
[Date "2018.12.15"]
[Round "4"]
[White "Mordechai, Hanan"]
[Black "Kupervaser, Erez"]
[Result "1/2-1/2"]
[ECO "B35"]
[WhiteElo "2310"]
[BlackElo "2168"]
[Annotator "NA"]
[PlyCount "56"]
[EventDate "2018.12.11"]
[EventType "swiss"]
[EventCountry "ISR"]
[SourceTitle "playchess.com"]
[Source "ChessBase"]
[SourceQuality "1"]
[TimeControl "40/5400+30:1800+30"]

1. e4 c5 2. Nf3 g6 3. d4 cxd4 4. Nxd4 Bg7 5. Nc3 Nc6 6. Be3 Nf6 7. Bc4 Qa5 8. O-O O-O 9. Bb3 d6 10. h3 Bd7 11. Re1 Rfc8 12. Nd5 Qd8 13. Nxf6+ Bxf6 14. c3 Na5 15. f4 Nc4 16. Bf2 e5 17. Nf3 Qe7 18. Qe2 b5 19. Bg3 Be6 20. Rad1 a5 21. a3 Rab8 22. Bxc4 Bxc4 23. Qd2 Bb3 24. Rc1 Rc6 25. f5 Rbc8 26. Bf2 Qc7 27. Qh6 Bg7 28. Qh4 Qd8 1/2-1/2

[Event "ISR-ch Open 2018"]
[Site "Ma'alot-Tarshih"]
[Date "2018.12.15"]
[Round "4"]
[White "Lukin, Elisha"]
[Black "Zhizmer, Yuri"]
[Result "1-0"]
[ECO "B07"]
[WhiteElo "2280"]
[BlackElo "2326"]
[Annotator "NA"]
[PlyCount "69"]
[EventDate "2018.12.11"]
[EventType "swiss"]
[EventCountry "ISR"]
[SourceTitle "playchess.com"]
[Source "ChessBase"]
[SourceQuality "1"]
[TimeControl "40/5400+30:1800+30"]

1. d4 d6 2. e4 Nf6 3. Nc3 e5 4. Nge2 Be7 5. h3 O-O 6. Be3 a6 7. g4 b5 8. Bg2 Bb7 9. O-O b4 10. Nd5 Nxd5 11. exd5 Nd7 12. dxe5 Nxe5 13. f4 Nc4 14. Bd4 Re8 15. Qd3 a5 16. Qxc4 Ba6 17. Qc6 Bxe2 18. g5 Bxf1 19. Rxf1 Bf8 20. h4 Qc8 21. f5 Qa6 22. c4 Re2 23. g6 Qxc6 24. dxc6 fxg6 25. Bd5+ Kh8 26. fxg6 Rae8 27. h5 Re1 28. Rxe1 Rxe1+ 29. Kf2 Rd1 30. Bb6 Rd2+ 31. Ke3 Rxb2 32. Bxc7 b3 33. axb3 Rxb3+ 34. Kd2 hxg6 35. Bb6 1-0

[Event "ISR-ch Open 2018"]
[Site "Ma'alot-Tarshih"]
[Date "2018.12.15"]
[Round "4"]
[White "Chernomordik, Pavel"]
[Black "Aharon, Ofir"]
[Result "0-1"]
[ECO "B28"]
[WhiteElo "2277"]
[BlackElo "2320"]
[Annotator "NA"]
[PlyCount "78"]
[EventDate "2018.12.11"]
[EventType "swiss"]
[EventCountry "ISR"]
[SourceTitle "playchess.com"]
[Source "ChessBase"]
[SourceQuality "1"]
[TimeControl "40/5400+30:1800+30"]

1. e4 c5 2. Nf3 a6 3. g3 b5 4. Bg2 Bb7 5. Qe2 g6 6. a4 b4 7. O-O Bg7 8. Qe3 d6 9. c3 Nh6 10. cxb4 cxb4 11. d4 O-O 12. h3 d5 13. e5 Nf5 14. Qd2 Nc6 15. g4 Bh6 16. Qd3 Bxc1 17. Rxc1 Ng7 18. Nbd2 Na5 19. b3 Qb6 20. Qe3 Rac8 21. Ne1 Ne6 22. Ndf3 Rc6 23. Rxc6 Nxc6 24. Rd1 Rc8 25. h4 Na5 26. Rd3 Qc7 27. Qd2 Nc6 28. Qh6 Ncd8 29. Qd2 a5 30. Kh2 Qc1 31. Qe3 Nf4 32. Rd2 Nde6 33. Ng5 Rc3 34. Nd3 Nxd3 35. Rxd3 Qxe3 36. Rxe3 Nxd4 37. Re1 h6 38. Rd1 Nxb3 39. Nh3 e6 0-1

[Event "ISR-ch Open 2018"]
[Site "Ma'alot-Tarshih"]
[Date "2018.12.15"]
[Round "4"]
[White "Emanuel, Yahav"]
[Black "Bronstein, Or"]
[Result "0-1"]
[ECO "B92"]
[WhiteElo "2221"]
[BlackElo "2359"]
[Annotator "NA"]
[PlyCount "82"]
[EventDate "2018.12.11"]
[EventType "swiss"]
[EventCountry "ISR"]
[SourceTitle "playchess.com"]
[Source "ChessBase"]
[SourceQuality "1"]
[TimeControl "40/5400+30:1800+30"]

1. e4 c5 2. Nf3 d6 3. d4 cxd4 4. Nxd4 Nf6 5. Nc3 a6 6. Be2 e5 7. Nb3 Be7 8. O-O O-O 9. Re1 Be6 10. Bf3 Nbd7 11. a4 Rc8 12. Nd2 Qc7 13. Nf1 Bd8 14. Ne3 Qc5 15. Ncd5 Bxd5 16. exd5 Bb6 17. Bd2 a5 18. Rb1 g6 19. b4 Qc7 20. bxa5 Bxa5 21. Bxa5 Qxa5 22. Rxb7 Nb6 23. Qe2 e4 24. Bg4 Rc5 25. c4 Qa6 26. Re7 Nxa4 27. Ra1 Ra8 28. Qc2 Kf8 29. Rxe4 Nxe4 30. Qxe4 Qb6 31. Bd7 Rca5 32. Re1 Nc3 33. Qd3 Qb2 34. g3 Ra1 35. Nc2 Rxe1+ 36. Nxe1 Qc1 37. Kf1 Ra1 38. Qe3 Qxe3 39. fxe3 Ke7 40. Bc6 f5 41. Kf2 Ra2+ 0-1

[Event "ISR-ch Open 2018"]
[Site "Ma'alot-Tarshih"]
[Date "2018.12.16"]
[Round "5"]
[White "Greenfeld, Alon"]
[Black "Zanan, Evgeny"]
[Result "1-0"]
[ECO "E16"]
[WhiteElo "2504"]
[BlackElo "2521"]
[Annotator "ChessBase"]
[PlyCount "67"]
[EventDate "2018.12.11"]
[EventType "swiss"]
[EventCountry "ISR"]
[SourceTitle "playchess.com"]
[Source "ChessBase"]
[SourceQuality "1"]
[TimeControl "40/5400+30:1800+30"]

1. d4 Nf6 2. c4 e6 3. g3 d5 4. Bg2 Bb4+ 5. Nd2 O-O 6. Ngf3 b6 7. O-O Bb7 8. Ne5 Qc8 9. cxd5 Bxd5 10. e4 Bb7 11. Re1 Rd8 12. a3 Bxd2 13. Qxd2 c5 14. b4 Nc6 15. Nxc6 Qxc6 16. bxc5 bxc5 17. d5 exd5 18. exd5 Nxd5 19. Bb2 Qb6 20. Bxg7 Kxg7 21. Rab1 Nb4 22. Qc3+ Qf6 23. Qxf6+ Kxf6 24. Bxb7 Rab8 25. Be4 Na2 26. Bxh7 c4 27. Kf1 Rb3 28. Bc2 Rxa3 29. Ra1 Rd2 30. Bb1 a5 31. h4 Rb2 32. Re4 Rf3 33. Re2 Rxe2 34. Kxe2 1-0

[Event "ISR-ch Open 2018"]
[Site "Ma'alot-Tarshih"]
[Date "2018.12.16"]
[Round "5"]
[White "Globus, Or"]
[Black "Taichman, Ori"]
[Result "1-0"]
[ECO "E97"]
[WhiteElo "2387"]
[BlackElo "2303"]
[Annotator "NA"]
[PlyCount "91"]
[EventDate "2018.12.11"]
[EventType "swiss"]
[EventCountry "ISR"]
[SourceTitle "playchess.com"]
[Source "ChessBase"]
[SourceQuality "1"]
[TimeControl "40/5400+30:1800+30"]

1. d4 Nf6 2. c4 g6 3. Nc3 Bg7 4. e4 d6 5. Nf3 O-O 6. Be2 e5 7. O-O Nc6 8. d5 Ne7 9. Qc2 Ne8 10. Rd1 a5 11. Rb1 h6 12. a3 f5 13. b4 axb4 14. axb4 Nf6 15. Nd2 fxe4 16. Ndxe4 Nf5 17. Nxf6+ Qxf6 18. Ne4 Qh4 19. g3 Qe7 20. Bb2 Nd4 21. Bxd4 exd4 22. Bd3 Bf5 23. Re1 Qf7 24. f4 Ra3 25. Rb3 Rfa8 26. Rxa3 Rxa3 27. c5 Bxe4 28. Bxe4 Rc3 29. Qb1 d3 30. Bxd3 Bd4+ 31. Kg2 Kg7 32. Bxg6 Qxd5+ 33. Be4 Qc4 34. Qd1 Kf8 35. Qg4 Qf7 36. Kh3 h5 37. Qc8+ Kg7 38. Bf5 dxc5 39. Re8 Re3 40. Rh8 Qxf5+ 41. Qxf5 Kxh8 42. Qc8+ Kg7 43. Qxc7+ Kg6 44. bxc5 Rc3 45. Qxb7 Rxc5 46. Qe4+ 1-0

[Event "ISR-ch Open 2018"]
[Site "Ma'alot-Tarshih"]
[Date "2018.12.16"]
[Round "5"]
[White "Bronstein, Or"]
[Black "Frenkel, Ran"]
[Result "1-0"]
[ECO "E73"]
[WhiteElo "2359"]
[BlackElo "2252"]
[Annotator "NA"]
[PlyCount "81"]
[EventDate "2018.12.11"]
[EventType "swiss"]
[EventCountry "ISR"]
[SourceTitle "playchess.com"]
[Source "ChessBase"]
[SourceQuality "1"]
[TimeControl "40/5400+30:1800+30"]

1. d4 Nf6 2. c4 g6 3. Nc3 Bg7 4. e4 d6 5. Be2 O-O 6. Be3 e5 7. d5 Na6 8. g4 Nc5 9. f3 a5 10. h4 h5 11. g5 Nfd7 12. Nh3 Nb6 13. b3 Bd7 14. Nf2 c6 15. Qd2 Qc7 16. Rc1 Rad8 17. Nd3 Nxd3+ 18. Bxd3 c5 19. Bf1 Ra8 20. Rb1 Kh7 21. Qg2 Rfc8 22. Qh2 Rab8 23. Bh3 Bxh3 24. Qxh3 Ra8 25. Nb5 Qe7 26. O-O Nd7 27. Rf2 Rf8 28. Rbf1 Kg8 29. Bd2 b6 30. Bc3 Rae8 31. a3 Nb8 32. f4 exf4 33. Bxg7 Kxg7 34. Rxf4 Kg8 35. Rf6 Qxe4 36. Qg2 Qd3 37. Nxd6 Re2 38. R1f2 Re1+ 39. Kh2 Re7 40. Qf3 Re3 41. Qf4 1-0

[Event "ISR-ch Open 2018"]
[Site "Ma'alot-Tarshih"]
[Date "2018.12.16"]
[Round "5"]
[White "Zhizmer, Yuri"]
[Black "Emanuel, Yahav"]
[Result "1-0"]
[ECO "D04"]
[WhiteElo "2326"]
[BlackElo "2221"]
[Annotator "NA"]
[PlyCount "81"]
[EventDate "2018.12.11"]
[EventType "swiss"]
[EventCountry "ISR"]
[SourceTitle "playchess.com"]
[Source "ChessBase"]
[SourceQuality "1"]
[TimeControl "40/5400+30:1800+30"]

1. d4 Nf6 2. Nf3 d5 3. e3 Bf5 4. Bd3 e6 5. O-O Nbd7 6. Bxf5 exf5 7. b3 Bd6 8. c4 c6 9. cxd5 Nxd5 10. Ba3 N7f6 11. Qd3 g6 12. Bxd6 Qxd6 13. Nc3 O-O 14. Nxd5 Qxd5 15. Rfc1 Rad8 16. Qc4 Rfe8 17. Qxd5 Nxd5 18. g3 Kg7 19. Rab1 a6 20. b4 Nb6 21. h4 Kf6 22. Ne5 h6 23. Nd3 Re7 24. Nc5 g5 25. hxg5+ hxg5 26. Kg2 f4 27. gxf4 gxf4 28. Kf3 fxe3 29. fxe3 Rh8 30. e4 Rh3+ 31. Kg4 Ra3 32. Rh1 Rc7 33. Rbf1+ Kg7 34. Rh5 Re7 35. Rg5+ Kf8 36. Rh1 Rc7 37. Rh8+ Ke7 38. Re5+ Kf6 39. Ree8 Kg6 40. Reg8+ Kf6 41. e5+ 1-0

[Event "ISR-ch Open 2018"]
[Site "Ma'alot-Tarshih"]
[Date "2018.12.16"]
[Round "5"]
[White "Libman, Guy"]
[Black "Lukin, Elisha"]
[Result "0-1"]
[ECO "A11"]
[WhiteElo "2299"]
[BlackElo "2280"]
[Annotator "NA"]
[PlyCount "120"]
[EventDate "2018.12.11"]
[EventType "swiss"]
[EventCountry "ISR"]
[SourceTitle "playchess.com"]
[Source "ChessBase"]
[SourceQuality "1"]
[TimeControl "40/5400+30:1800+30"]

1. c4 c6 2. Nf3 d5 3. e3 Nf6 4. Qc2 e6 5. Be2 Bd6 6. d4 dxc4 7. Bxc4 Nbd7 8. Nbd2 O-O 9. O-O Qe7 10. Bd3 e5 11. Bf5 exd4 12. Nxd4 g6 13. Bh3 Ne5 14. Bxc8 Raxc8 15. N4f3 Rfd8 16. b3 Nd3 17. Bb2 Nxb2 18. Qxb2 b5 19. a4 Nd5 20. Rfd1 Bb4 21. Qc2 Bc3 22. Rac1 Bg7 23. Qc5 Qxc5 24. Rxc5 Nc3 25. Re1 bxa4 26. bxa4 Nxa4 27. Ra5 Nb2 28. Rxa7 c5 29. Nb3 Nd3 30. Rd1 c4 31. Nbd4 c3 32. Nc2 Nb4 33. Rxd8+ Rxd8 34. Ncd4 c2 35. Rc7 Ra8 36. Nxc2 Nxc2 37. g3 Ra1+ 38. Kg2 Ra2 39. Kg1 Bf6 40. Rc6 Kg7 41. Rc4 Rb2 42. Rc6 Nb4 43. Rd6 h6 44. Rd7 Kf8 45. Rd6 Ke7 46. Rd1 Ke6 47. g4 Ra2 48. Kg2 Nd5 49. Rd3 g5 50. h3 Be5 51. Kg1 Nf6 52. Nd2 Ra1+ 53. Kg2 Rd1 54. Kf3 Rh1 55. Nb3 Rxh3+ 56. Kg2 Rh2+ 57. Kg1 Nxg4 58. Nc5+ Kf5 59. Rd7 Rxf2 60. Rxf7+ Bf6 0-1

[Event "ISR-ch Open 2018"]
[Site "Ma'alot-Tarshih"]
[Date "2018.12.16"]
[Round "5"]
[White "Gershkowich, David"]
[Black "Chernomordik, Pavel"]
[Result "1/2-1/2"]
[ECO "A25"]
[WhiteElo "2193"]
[BlackElo "2277"]
[Annotator "NA"]
[PlyCount "26"]
[EventDate "2018.12.11"]
[EventType "swiss"]
[EventCountry "ISR"]
[SourceTitle "playchess.com"]
[Source "ChessBase"]
[SourceQuality "1"]
[TimeControl "40/5400+30:1800+30"]

1. d4 g6 2. Nf3 Bg7 3. c4 d6 4. Nc3 Nc6 5. e3 e5 6. Be2 exd4 7. Nxd4 Nge7 8. Nf3 Nf5 9. O-O O-O 10. Bd2 Re8 11. Rc1 b6 12. b3 Bb7 13. Nd5 Ne5 1/2-1/2

[Event "ISR-ch Open 2018"]
[Site "Ma'alot-Tarshih"]
[Date "2018.12.16"]
[Round "5"]
[White "Gleizer, Mark"]
[Black "Iliaguev, Nisim"]
[Result "0-1"]
[ECO "D00"]
[WhiteElo "2186"]
[BlackElo "2338"]
[Annotator "NA"]
[PlyCount "80"]
[EventDate "2018.12.11"]
[EventType "swiss"]
[EventCountry "ISR"]
[SourceTitle "playchess.com"]
[Source "ChessBase"]
[SourceQuality "1"]
[TimeControl "40/5400+30:1800+30"]

1. d4 Nf6 2. c3 g6 3. Bg5 Bg7 4. Nd2 d5 5. e3 O-O 6. Bd3 c5 7. f4 Qb6 8. Rb1 Nc6 9. Qf3 cxd4 10. exd4 Qa5 11. a3 Nh5 12. g4 Nf6 13. h3 Re8 14. Ne2 Qb6 15. Bh4 Bd7 16. g5 Nh5 17. Qxd5 Nb4 18. Qxd7 Nxd3+ 19. Kd1 Ndxf4 20. Nxf4 Nxf4 21. Bg3 Rad8 22. Qa4 Nh5 23. Bh2 a6 24. Re1 Qa7 25. Be5 b5 26. Qa5 f6 27. Bc7 Rc8 28. gxf6 exf6 29. Rxe8+ Rxe8 30. Kc2 Bh6 31. Rd1 Qb7 32. a4 Re2 33. axb5 axb5 34. Kd3 Qg2 35. c4 bxc4+ 36. Kxc4 Bxd2 37. Qd5+ Qxd5+ 38. Kxd5 Bf4 39. Bd6 f5 40. b4 Nf6+ 0-1

[Event "ISR-ch Open 2018"]
[Site "Ma'alot-Tarshih"]
[Date "2018.12.16"]
[Round "5"]
[White "Kupervaser, Erez"]
[Black "Kobo, Ori"]
[Result "0-1"]
[ECO "B07"]
[WhiteElo "2168"]
[BlackElo "2494"]
[Annotator "ChessBase"]
[PlyCount "60"]
[EventDate "2018.12.11"]
[EventType "swiss"]
[EventCountry "ISR"]
[SourceTitle "playchess.com"]
[Source "ChessBase"]
[SourceQuality "1"]
[TimeControl "40/5400+30:1800+30"]

1. e4 g6 2. d4 Bg7 3. Nc3 d6 4. Be3 Nf6 5. f3 c6 6. Qd2 b5 7. Nge2 Nbd7 8. Bh6 Bxh6 9. Qxh6 Qa5 10. Nc1 Bb7 11. Nb3 Qc7 12. Qe3 a5 13. a4 b4 14. Nb1 e5 15. dxe5 Nxe5 16. N1d2 O-O 17. O-O-O Rfe8 18. h4 h5 19. Qg5 Kg7 20. Nd4 Nh7 21. Qf4 d5 22. Kb1 Nf6 23. Qg5 Nh7 24. Qf4 Rad8 25. Be2 Nf6 26. Qg5 Bc8 27. Nf5+ Bxf5 28. exf5 Ned7 29. Ne4 dxe4 30. fxg6 fxg6 0-1

[Event "ISR-ch Open 2018"]
[Site "Ma'alot-Tarshih"]
[Date "2018.12.17"]
[Round "6"]
[White "Galburd, Yan"]
[Black "Gershkowich, David"]
[Result "1-0"]
[ECO "C00"]
[WhiteElo "2382"]
[BlackElo "2193"]
[Annotator "NA"]
[PlyCount "70"]
[EventDate "2018.12.12"]
[EventType "swiss"]
[EventCountry "ISR"]
[SourceTitle "playchess.com"]
[Source "ChessBase"]
[SourceQuality "1"]
[TimeControl "40/5400+30:1800+30"]

1. Nf3 Nf6 2. g3 b6 3. Bg2 Bb7 4. O-O e6 5. d3 d5 6. Nbd2 c5 7. e4 Be7 8. Re1 Nc6 9. c3 Qc7 10. Qe2 h6 11. a3 O-O-O 12. b4 g5 {[%emt 0:07:02] LiveBook: 7 Games} 13. h3 Bf8 14. e5 Nd7 $14 15. d4 Ne7 16. Nf1 c4 17. g4 Ng6 18. Ng3 a6 19. Nh5 Be7 20. Nh2 Rdg8 21. Rf1 Nh4 22. Bh1 Qd8 23. f4 Qe8 24. fxg5 hxg5 25. Be3 Bd8 26. Rf2 Rh7 27. Raf1 Bc6 28. Qc2 Ng6 29. Bg2 Rgh8 30. Qd2 Nh4 31. Bxg5 Bxg5 32. Qxg5 Nxg2 33. Rxg2 Ba4 34. Qd2 Qe7 35. Nf3 Rg8 1-0

[Event "ISR-ch Open 2018"]
[Site "Ma'alot-Tarshih"]
[Date "2018.12.17"]
[Round "6"]
[White "Aharon, Ofir"]
[Black "Bronstein, Or"]
[Result "1/2-1/2"]
[ECO "B51"]
[WhiteElo "2320"]
[BlackElo "2359"]
[Annotator "NA"]
[PlyCount "50"]
[EventDate "2018.12.12"]
[EventType "swiss"]
[EventCountry "ISR"]
[SourceTitle "playchess.com"]
[Source "ChessBase"]
[SourceQuality "1"]
[TimeControl "40/5400+30:1800+30"]

1. e4 c5 2. Nf3 d6 3. Bb5+ Nd7 4. Ba4 Ngf6 5. O-O a6 6. c4 {[%emt 0:00:15] LiveBook: 17 Games} e6 7. d4 cxd4 8. Nxd4 Nxe4 9. Re1 Nef6 ({Reject} 9... Qh4 $6 10. g3 $18) (9... Nec5 $11) 10. Bf4 (10. Nc3 $16) 10... Be7 $1 11. Rxe6 $1 fxe6 12. Nxe6 Qa5 13. c5 b5 14. cxb6 Bb7 $16 (14... Kf7 $1 $11 15. Ng5+ Kf8 16. Ne6+ Kf7 17. Ng5+ Kf8 18. Ne6+ Kg8) 15. Nc7+ Kf7 16. Nc3 Nxb6 17. Bb3+ d5 18. Qe2 Rad8 19. Qe6+ Kf8 20. Re1 Qc5 21. Ne4 Nxe4 22. Qf5+ Kg8 23. Qe6+ Kf8 24. Qf5+ Kg8 25. Qe6+ Kf8 1/2-1/2

[Event "ISR-ch Open 2018"]
[Site "Ma'alot-Tarshih"]
[Date "2018.12.17"]
[Round "6"]
[White "Mordechai, Hanan"]
[Black "Lukin, Elisha"]
[Result "1-0"]
[ECO "C18"]
[WhiteElo "2310"]
[BlackElo "2280"]
[Annotator "NA"]
[PlyCount "69"]
[EventDate "2018.12.12"]
[EventType "swiss"]
[EventCountry "ISR"]
[SourceTitle "playchess.com"]
[Source "ChessBase"]
[SourceQuality "1"]
[TimeControl "40/5400+30:1800+30"]

1. e4 e6 2. d4 d5 3. Nc3 Bb4 4. e5 c5 5. a3 Bxc3+ 6. bxc3 Qa5 7. Bd2 {[%emt 0:00:10] LiveBook: 1271 Games} Qa4 8. Qg4 Kf8 9. Qd1 {[%emt 0:00:10] C18: French: 3 Nc3 Bb4: Main line: 7 h4 and 7 Qg4} (9. h4 Nc6 10. h5 h6 11. Qd1 cxd4 12. Nf3 dxc3 13. Bxc3 g5 14. hxg6 Qe4+ 15. Be2 Qxg6 16. Qd2 Nge7 17. Bd3 Qxg2 18. Ke2 Qg4 19. Rh4 Qg7 20. Rg1 Ng6 21. Rf4 Nce7 22. Bb4 a5 23. Rxg6 {1-0 (23) Caruana,F (2804)-Lenderman,A (2599) Saint Louis 2018}) 9... b6 10. dxc5 bxc5 11. Nf3 Ba6 12. Bxa6 Qxa6 13. Qe2 Ne7 14. Rb1 Qc6 {[%emt 0:05:15] [#]} 15. O-O $146 ({Predecessor:} 15. c4 Nd7 16. cxd5 exd5 {1-0 (61) Piorun,K (2640)-Stupak,K (2578) Heraklio 2017}) 15... h6 16. h4 Nd7 17. h5 g5 18. Nh2 Qa4 19. Bc1 Qc4 20. Qxc4 dxc4 21. Rb7 Ke8 22. f4 Nd5 23. Ng4 Nxc3 $18 (23... Rh7 $16 {was worth a try.} 24. fxg5 hxg5) 24. fxg5 hxg5 25. Bxg5 Ne4 26. Rd1 Nb6 27. Nf6+ Nxf6 28. Bxf6 Rxh5 29. Rxa7 Rc8 30. Rd6 Nd5 31. Rdd7 Rh7 32. a4 c3 33. a5 Rb8 34. a6 Nb4 35. Rab7 1-0

[Event "ISR-ch Open 2018"]
[Site "Ma'alot-Tarshih"]
[Date "2018.12.17"]
[Round "6"]
[White "Taichman, Ori"]
[Black "Kupervaser, Erez"]
[Result "1-0"]
[ECO "B27"]
[WhiteElo "2303"]
[BlackElo "2168"]
[Annotator "NA"]
[PlyCount "125"]
[EventDate "2018.12.12"]
[EventType "swiss"]
[EventCountry "ISR"]
[SourceTitle "playchess.com"]
[Source "ChessBase"]
[SourceQuality "1"]
[TimeControl "40/5400+30:1800+30"]

1. e4 c5 2. Nf3 g6 3. d4 cxd4 4. Qxd4 Nf6 5. Nc3 Nc6 6. Qa4 d6 7. e5 dxe5 8. Nxe5 Qd4 {[%emt 0:01:29] B27: Sicilian: 2 Nf3, unusual Black 2nd moves} (8... Bd7 9. Nxd7 Qxd7 10. Be3 Bg7 11. Rd1 Qg4 12. Rd4 Qf5 13. Bd3 Qe5 14. Rb4 Qc7 15. Bb5 O-O 16. Rc4 {0-1 (36) Wei,Y (2706)-Bu,X (2681) China 2015}) 9. Nxc6 Qxa4 10. Nxa4 bxc6 11. b3 Bf5 12. Ba6 Bc8 (12... Bg7 $11) 13. Be2 $146 ({Predecessor:} 13. Bd3 Bg7 14. Bb2 O-O 15. O-O-O Ng4 16. Bxg7 Kxg7 {½-½ (58) Kobese,W (2389)-Johannes Manyedi,M (2277) Milnerton 2007}) 13... Bg4 14. Bxg4 Nxg4 15. Bb2 Nf6 16. O-O-O Bg7 17. Rhe1 e6 18. Nc5 O-O 19. Nd7 Bh6+ 20. Kb1 $16 Nxd7 21. Rxd7 Rfd8 22. Red1 Bg5 23. Be5 Kf8 24. R1d4 Be7 25. Kb2 f6 26. Bg3 e5 27. Rxd8+ Rxd8 28. Rc4 c5 29. Ra4 Rd7 30. Kc3 Kf7 31. f3 Ke6 32. Bf2 Kd5 33. Ra5 f5 34. b4 Rc7 35. Kb3 e4 36. c4+ Ke6 37. bxc5 Bg5 38. fxe4 fxe4 39. Bg3 Rc6 40. Rxa7 Be7 41. Rc7 Rxc7 42. Bxc7 Bxc5 43. Kc3 Bg1 44. h3 Be3 45. a4 Kd7 46. Be5 Kc6 47. Bd4 Bf4 48. Kc2 Kb7 49. Bc5 Kc6 50. Bb4 Bg5 51. Kd1 h5 52. Ke2 Bh6 53. Bd2 Bg7 54. Be3 Be5 55. Kd2 Kb7 56. Bf2 Bf4+ 57. Kc3 Be5+ 58. Kb4 Bf4 59. Kc5 e3 60. Be1 g5 61. Kd4 h4 62. Kd3 Kc6 63. Bc3 1-0

[Event "ISR-ch Open 2018"]
[Site "Ma'alot-Tarshih"]
[Date "2018.12.17"]
[Round "6"]
[White "Chernomordik, Pavel"]
[Black "Libman, Guy"]
[Result "0-1"]
[ECO "C47"]
[WhiteElo "2277"]
[BlackElo "2299"]
[Annotator "NA"]
[PlyCount "130"]
[EventDate "2018.12.12"]
[EventType "swiss"]
[EventCountry "ISR"]
[SourceTitle "playchess.com"]
[Source "ChessBase"]
[SourceQuality "1"]
[TimeControl "40/5400+30:1800+30"]

1. e4 e5 2. Nf3 Nc6 3. Nc3 Nf6 4. d4 exd4 5. Nxd4 Bb4 6. Nxc6 bxc6 7. Bd3 d5 8. exd5 cxd5 9. O-O O-O 10. h3 {[%emt 0:00:04] C47: Scotch Four Knights and Four Knights with 4 g3} c6 11. Qf3 Bd6 12. Be3 (12. Bf4 Be6 13. Rfe1 Bxf4 14. Qxf4 Qb8 15. Qxb8 Raxb8 16. Na4 Nd7 17. b3 c5 {½-½ (35) Nakamura,H (2777)-So,W (2780) Saint Louis 2018}) 12... Be5 $146 ({Predecessor:} 12... Be6 13. Rad1 c5 14. Bg5 Rb8 15. Nb5 Be7 16. c4 a6 17. Na7 Qd7 18. Bxf6 Bxf6 19. cxd5 Bxd5 20. Qxd5 Qxd5 21. Bxh7+ Kxh7 22. Rxd5 Rxb2 23. Rxc5 {½-½ (27) Wielebinski,P (1934)-Kuegel,T (2243) Verden 2016}) 13. Bc5 Re8 14. Rab1 Nd7 15. Ba3 Rb8 16. Na4 g6 17. b3 Bg7 18. Bb2 Bxb2 19. Nxb2 Qa5 20. Qf4 Qb4 $11 21. c4 Rb7 22. Bc2 Nf8 23. Nd3 Qc3 24. Rbc1 Ne6 25. Qd6 Rd8 26. Qe5 Qxe5 27. Nxe5 Nd4 28. Bd1 Re7 29. f4 f6 30. Nf3 dxc4 31. bxc4 c5 32. Nxd4 Rxd4 33. Rb1 Ba6 34. Bf3 Bxc4 35. Rfc1 Kg7 36. Rb2 Bd5 37. Bxd5 Rxd5 38. Rc4 Rc7 39. Rbc2 Kf7 40. Kf2 Ke7 41. Re2+ Kd7 42. Rce4 f5 43. Re6 Rd6 44. Re8 Kc6 45. g4 c4 46. gxf5 gxf5 47. R8e5 Rd5 48. Ke1 Rcd7 49. Re8 Rd1+ 50. Kf2 R1d2 51. Rf8 Rxe2+ 52. Kxe2 c3 53. Rc8+ Rc7 54. Rxc7+ Kxc7 55. Kd3 Kc6 56. Kxc3 Kc5 57. Kd3 Kd5 58. a3 a6 59. h4 h5 60. Ke3 Kc4 61. a4 a5 62. Ke2 Kd4 63. Kd2 Ke4 64. Kc3 Kxf4 65. Kc4 Ke5 {[%emt 0:17:33] Kd4+} 0-1